 Dungeon Crawl Stone Soup version 0.23-a0-756-g517b432 (webtiles) character file.

1094 Gurgle the Skirmisher (level 8, 0/69 HPs)
             Began as a Black Draconian Wanderer on Jan 18, 2019.
             Was an Initiate of Sif Muna.
             Shot with an arrow by a centaur (2 damage)
             ... on level 6 of the Dungeon.
             The game lasted 00:24:15 (6212 turns).

Gurgle the Skirmisher (Black Draconian Wanderer)    Turns: 6212, Time: 00:24:15

Health: 0/69       AC:  7    Str: 18    XL:     8   Next: 10%
Magic:  12/12      EV: 12    Int: 18    God:    Sif Muna [......]
Gold:   203        SH:  0    Dex: 11    Spells: 7/12 levels left

rFire    + . .     SeeInvis .   a - +2 mace
rCold    . . .     Gourm    .   (no shield)
rNeg     . . .     Faith    .   (armour unavailable)
rPois    .         Spirit   .   (helmet restricted)
rElec    +         Reflect  .   (no cloak)
rCorr    .         Harm     .   (no gloves)
MR       .....                  u - +0 pair of boots
Stlth    ++........             z - amulet of regeneration
HPRegen  0.61/turn              q - ring of protection from fire
MPRegen  0.13/turn              g - +2 ring of strength

@: brilliant, short of breath
A: breathe lightning, unfitting armour, electricity resistance, cold-blooded, AC
+6
a: Breathe Lightning, Renounce Religion


You were on level 6 of the Dungeon.
You worshipped Sif Muna.
Sif Muna was noncommittal.
You were very hungry.

You visited 2 branches of the dungeon, and saw 7 of its levels.

You collected 203 gold pieces.

Inventory:

Hand Weapons
 a - a +2 mace (weapon)
 c - a +0 spear
 p - a +0 flail
 D - a +0 halberd
Missiles
 b - 67 stones (quivered)
 A - 106 arrows
 C - a throwing net
Armour
 u - a +0 pair of boots (worn)
Jewellery
 e - an uncursed ring of resist corrosion
 g - a +2 ring of strength (right hand)
 q - a ring of protection from fire (left hand)
 t - an uncursed amulet of faith
 x - an uncursed amulet of guardian spirit
 z - an amulet of regeneration (around neck)
Wands
 y - a wand of flame (12)
Scrolls
 h - 4 scrolls of remove curse
 i - 2 scrolls of fear {unknown}
 j - a scroll of noise {unknown}
 k - 7 scrolls of identify {unknown}
 l - 3 scrolls of teleportation {unknown}
 r - 2 scrolls of blinking {unknown}
 w - a scroll of magic mapping {unknown}
 G - 2 scrolls of amnesia {unknown}
 H - a scroll of enchant weapon {unknown}
Potions
 f - a potion of degeneration {unknown}
 m - a potion of cancellation {unknown}
 n - a potion of berserk rage {unknown}
 o - a potion of brilliance
 s - a potion of agility {unknown}
 v - a potion of flight {unknown}
 B - 2 potions of heal wounds {unknown}
 E - 2 potions of lignification {unknown}
 F - a potion of magic {unknown}
Comestibles
 d - 8 rations


   Skills:
 + Level 5.4 Fighting
 + Level 4.5 Maces & Flails
 + Level 2.5 Dodging
 * Level 2.7 Stealth
   Level 1.0 Shields
 + Level 2.7 Spellcasting
 * Level 1.9 Summonings
 - Level 4.0 Translocations
 - Level 2.9 Earth Magic
   Level 1.0 Poison Magic


You had 7 spell levels left.
You knew the following spells:

 Your Spells              Type           Power        Failure   Level  Hunger
a - Sandblast             Erth           ###...       1%          1    None
b - Blink                 Tloc           N/A          1%          2    ##.....
c - Call Imp              Summ           ###.....     1%          2    ##.....

Your spell library contained the following spells:

 Spells                   Type           Power        Failure   Level  Hunger
 Apportation              Tloc           ####..       1%          1    None
 Teleport Other           Tloc           ####....     1%          3    ###....
 Magic Dart               Conj           ##..         2%          1    None
 Slow                     Hex            ##......     3%          2    ##.....
 Stone Arrow              Conj/Erth      ###...       3%          3    ###....
 Mephitic Cloud           Conj/Pois/Air  ##......     5%          3    ###....
 Conjure Flame            Conj/Fire      ##......     6%          3    ###....


Dungeon Overview and Level Annotations

Branches:
Dungeon (6/15)             Temple (1/1) D:5

Altars:
Cheibriados
Dithmenos
Fedhas
Gozag
Hepliaklqana
Kikubaaqudgha
Makhleb
Nemelex Xobeh
Qazlal
Sif Muna
Trog
Uskayaw
Wu Jian
Xom
Yredelemnul
Zin
The Shining One

Annotations:
D:3 exclusion: downstairs
D:4 exclusion: downstairs


Innate Abilities, Weirdness & Mutations

You can breathe wild blasts of lightning.
Your glossy black scales are hard. (AC +6)
You cannot fit into any form of body armour.
You are resistant to electric shocks. (rElec)
You are cold-blooded and may be slowed by cold attacks.


Message History

The iguana is moderately wounded.
The iguana bites you.
You are too injured to fight recklessly!
You are too injured to fight recklessly!
You breathe a wild blast of lightning!
The orb of electricity explodes!
The orb of electricity engulfs you! You resist.
The orb of electricity engulfs the iguana.
You kill the iguana!
Sif Muna accepts your kill.
The orb of electricity explodes! x3; You feel somewhat more hungry.
You hear a shout!
You hear an angry hiss. x2; You hear a shout! x2
The centaur wields a +2 shortbow of velocity.
The centaur shoots an arrow.
The arrow hits you!!
* * * LOW HITPOINT WARNING * * *
x2 You hear a loud, deep croak!
It was a potion of brilliance.
You feel clever all of a sudden.
The centaur shoots an arrow.
The arrow hits you!
* * * LOW HITPOINT WARNING * * *
You die...

#.###! ## . #..$c.
s #. ..#.. .#
#.###.#c###.# ##
.#.....#.(@..#....
................(.
..................
.#.....#..##..##
#...<.#..# ...
#.....#..# ..
#....##+## .
#....# #....#


You could see a centaur.

Vanquished Creatures
  2 ice beasts (D:5)
  2 ogres (D:4)
  A scorpion (D:3)
  A water moccasin skeleton (D:4)
  A jelly (D:5)
  A howler monkey (D:5)
  A crimson imp (D:5)
  A bullfrog zombie (D:5)
  A hound (D:4)
  An orc priest (D:2)
  2 gnoll shamans (D:4)
  An iguana (D:6)
  3 worker ants
  2 orc wizards
  6 adders
  10 gnolls
  An adder zombie (D:5)
  An adder skeleton (D:5)
  2 worms
  4 dart slugs
  8 orcs
  A ball python (D:4)
  6 bats
  A giant cockroach (D:5)
  8 goblins
  9 hobgoblins
  3 jackals
  3 quokkas
  2 frilled lizards (D:3)
  2 jackal skeletons
  9 kobolds
  A leopard gecko skeleton (D:4)
  A quokka skeleton (D:4)
  4 rats
102 creatures vanquished.

Notes
Turn   | Place    | Note
-------+----------+-------------------------------------------
     0 | D:1      | Gurgle the Draconian Wanderer began the quest for the Orb.
     0 | D:1      | Gurgle set off with the following items: a +2 mace, a
                  | ration; and the following spells available to memorise:
                  | Apportation, Sandblast, Teleport Other, Stone Arrow
     0 | D:1      | Reached XP level 1. HP: 22/22 MP: 1/1
   267 | D:1      | Reached XP level 2. HP: 24/28 MP: 2/2
   363 | D:1      | Learned a level 1 spell: Sandblast
  1445 | D:2      | Reached XP level 3. HP: 35/35 MP: 3/3
  1452 | D:2      | Found a faded altar of an unknown god.
  1704 | D:2      | Reached skill level 1 in Dodging
  1722 | D:2      | Found a bloodstained altar of Trog.
  1790 | D:2      | Found a glowing golden altar of the Shining One.
  1890 | D:2      | Reached skill level 1 in Earth Magic
  2273 | D:3      | Reached XP level 4. HP: 40/41 MP: 4/4
  2275 | D:3      | Reached skill level 5 in Fighting
  2826 | D:3      | Reached XP level 5. HP: 45/48 MP: 5/5
  3271 | D:3      | Learned a level 2 spell: Blink
  3375 | D:3      | Reached skill level 1 in Spellcasting
  3886 | D:4      | Noticed an ogre
  4211 | D:4      | Found a shadowy altar of Dithmenos.
  4222 | D:3      | Reached XP level 6. HP: 39/56 MP: 1/8
  4404 | D:4      | Found a glowing silver altar of Zin.
  4704 | D:4      | Your scales start taking on a glossy black colour.
  4704 | D:4      | Reached XP level 7. HP: 44/61 MP: 4/9
  4704 | D:4      | Gained mutation: You are resistant to electric shocks.
                  | (rElec) [Black Draconian growth]
  4726 | D:4      | Learned a level 2 spell: Call Imp
  4737 | D:4      | Found a basalt altar of Yredelemnul.
  4989 | D:5      | Entered Level 5 of the Dungeon
  5186 | D:5      | Found a burning altar of Makhleb.
  5250 | D:5      | Reached skill level 1 in Summonings
  5476 | D:5      | Reached XP level 8. HP: 50/68 MP: 9/12
  5733 | D:5      | Found a staircase to the Ecumenical Temple.
  5739 | Temple   | Entered the Ecumenical Temple
  5955 | Temple   | Became a worshipper of Sif Muna the Loreminder
  6212 | D:6      | HP: 2/69 [centaur/arrow (7)]
  6212 | D:6      | Shot with an arrow by a centaur

Vault maps used:
D:1:      psy_arrival_radial01
D:2:      tso_altar, nicolae_overflow_hidden_temple,
          chequers_ecumenical_altar_simple_redux, first_ration
D:4:      kennysheep_mini, chequers_temple_overflow_statue_of_worship,
          st_stairs_9
D:5:      nicolae_overflow_crystal_walls, minmay_temple_entry_fiery
D:6:      hangedman_cross_stitches, elyvilon_altar_4, grunt_tough_drop
Temple:   minmay_temple_curvy_loop

Skill      XL: |  1  2  3  4  5  6  7 |
---------------+----------------------+-----
Maces & Flails | 2 3 4 |  4.5
Dodging        | 1 2 |  2.5
Earth Magic    | 1 2 2 |  2.9
Fighting       | 5 |  5.4
Spellcasting   | 1 2 |  2.7
Translocations | 3 4 |  4.0
Stealth        | 2 |  2.7
Summonings     | 1 |  1.9
Shields        | |  1.0
Poison Magic   | |  1.0

Action                   |  1- 3 |  4- 6 |  7- 9 || total
-------------------------+-------+-------+-------++-------
Melee: Mace              |    80 |   134 |    79 ||   293
       Tailslap          |     8 |    16 |     8 ||    32
       Flail             |    14 |       |       ||    14
Throw: Stone             |    19 |     4 |       ||    23
 Cast: Sandblast         |     6 |    45 |    11 ||    62
       Blink             |       |       |     1 ||     1
       Call Imp          |       |       |     1 ||     1
 Abil: Breathe Lightning |       |       |    10 ||    10
  Use: Scroll            |     1 |       |       ||     1
       Potion            |       |     2 |     1 ||     3
 Stab: Sleeping          |     1 |     1 |     2 ||     4
       Distracted        |       |     1 |       ||     1
  Eat: Chunk             |     5 |     9 |     6 ||    20
Armor: Skin              |    32 |    49 |    32 ||   113
Dodge: Dodged            |    69 |    90 |    58 ||   217

Table legend:
 A = Non-vault XP
 B = Vault XP
 C = Vault XP percentage of total XP
 D = Non-vault monster count
 E = Vault monster count
 F = Vault count percentage of total count
                 A         B        C        D         E       F
            +---------+---------+-------+---------+---------+-------
      Total |    1525 |      39 |   2.5 |     100 |       2 |   2.0
            +---------+---------+-------+---------+---------+-------
        D:1 |      23 |       0 |   0.0 |       9 |       0 |   0.0
        D:2 |     149 |       0 |   0.0 |      21 |       0 |   0.0
        D:3 |     206 |       0 |   0.0 |      31 |       0 |   0.0
        D:4 |     574 |       0 |   0.0 |      19 |       0 |   0.0
        D:5 |     571 |       0 |   0.0 |      19 |       0 |   0.0
        D:6 |       2 |      39 |  95.1 |       1 |       2 |  66.7
            +---------+---------+-------+---------+---------+-------
